Map: Acropolis LE

Players

Jarkoof - Winner!

  • Race: Protoss Protoss
  • League: Diamond
  • Spawn Location: 11:00

PeLLy

  • Race: Zerg Zerg
  • League: Diamond
  • Spawn Location: 5:00

VOD

Have the link to the VOD?

Description

Time

  • Played on: July 31, 2019, 5:21 p.m.
  • Length: 24:47
Show
View Real Time Build Order
Export as new Build Order

Jarkoof Protoss - Winner!

Build Orders: Cannon Rush 

Get SALT Encoding   

  1  0:00  Probe  
  12  0:06  Probe  
  14  0:20  Probe  
  14  0:21  Pylon  
  15  0:39  Probe  
  16  0:43  Forge  
  16  0:50  Pylon  
  16  0:52  Probe  
  17  1:04  Probe  
  18  1:13  Pylon  
  18  1:16  Probe  
  19  1:29  Probe  
  20  1:33  Photon Cannon  
  20  1:34  Photon Cannon  
  20  1:35  Photon Cannon  
  20  1:38  Pylon  
  20  1:46  Probe  
  20  1:47  Pylon  
  21  1:55  Probe  
  22  2:01  Photon Cannon  
  22  2:04  Probe  
  23  2:19  Assimilator, Probe  
  23  2:27  Gateway  
  24  2:33  Assimilator, Probe  
  25  2:45  Pylon  
  25  2:50  Probe  
  25  2:51  Photon Cannon  
  26  2:53  Pylon  
  26  3:02  Probe  
  27  3:09  Photon Cannon  
  27  3:14  Zealot  
  27  3:15  Probe  
  30  3:20  Cybernetics Core  
  30  3:24  Probe  
  30  3:33  Pylon, Probe  
  32  3:44  Photon Cannon  
  32  3:47  Probe  
  33  3:53  Pylon  
  33  3:59  Probe  
  33  4:02  Stargate  
  34  4:09  Probe  
  34  4:10  Shield Battery  
  34  4:12  Zealot  
  37  4:17  Probe  
  38  4:25  Photon Cannon, Probe  
  39  4:34  Stargate  
  39  4:40  Probe  
  39  4:45  Phoenix  
  42  4:50  Shield Battery  
  42  4:57  Probe  
  43  5:03  Shield Battery  
  43  5:10  Phoenix  
  45  5:18  Probe  
  46  5:21  Phoenix  
  48  5:37  Stargate  
  48  5:46  Phoenix  
  50  5:50  Phoenix  
  52  6:10  Nexus  
  52  6:14  Pylon  
  51  6:28  Phoenix  
  53  6:36  Phoenix  
  55  7:15  Nexus  
  55  7:18  Pylon  
  55  7:20  Pylon  
  55  7:24  Assimilator  
  55  7:27  Assimilator  
  55  7:33  Gateway  
  55  7:34  Protoss Shields Level 1  
  55  7:36  Phoenix  
  55  7:37  Zealot, Probe  
  60  7:46  Protoss Air Weapons Level 1  
  60  7:49  Probe  
  60  7:50  Photon Cannon  
  59  8:23  Phoenix x2  
  61  8:43  Probe  
  61  8:46  Probe  
  61  8:47  Phoenix  
  65  8:51  Probe  
  65  8:53  Zealot  
  65  8:54  Zealot  
  70  8:58  Probe  
  70  9:01  Probe  
  71  9:07  Photon Cannon  
  71  9:08  Shield Battery  
  72  9:10  Probe  
  73  9:35  Nexus  
  71  10:19  Pylon  
  71  10:21  Pylon  
  71  10:22  Zealot  
  71  10:25  Zealot  
  71  10:40  Void Ray  
  71  10:41  Void Ray  
  71  10:42  Probe  
  79  10:49  Zealot  
  82  10:50  Probe  
  82  10:52  Probe  
  82  10:53  Probe  
  85  10:58  Probe  
  85  11:01  Photon Cannon  
  85  11:02  Photon Cannon  
  86  11:04  Pylon, Probe  
  86  11:07  Assimilator  
  87  11:11  Probe  
  87  11:13  Zealot  
  90  11:23  Pylon  
  90  11:29  Photon Cannon  
  90  11:32  Assimilator  
  90  11:43  Robotics Facility  
  90  11:45  Void Ray x2  
  98  11:48  Robotics Facility  
  98  11:50  Robotics Facility  
  98  11:57  Probe  
  98  12:00  Zealot x2  
  103  12:04  Twilight Council  
  103  12:05  Probe  
  103  12:14  Probe  
  105  12:27  Zealot  
  107  12:38  Photon Cannon  
  107  12:40  Shield Battery, Zealot  
  107  12:41  Pylon  
  109  12:49  Immortal x3  
  121  12:55  Zealot  
  123  13:00  Charge  
  123  13:07  Zealot  
  125  13:12  Pylon  
  123  13:22  Zealot  
  121  13:30  Immortal  
  121  13:31  Immortal x2  
  121  13:34  Zealot  
  135  13:35  Protoss Ground Weapons Level 1  
  135  13:49  Zealot  
  137  13:58  Pylon  
  137  14:00  Gateway  
  137  14:01  Zealot  
  139  14:09  Immortal  
  141  14:16  Zealot  
  147  14:17  Immortal  
  147  14:26  Immortal  
  147  14:28  Zealot  
  149  14:43  Zealot  
  143  14:47  Zealot  
  143  14:49  Immortal  
  149  15:22  Probe  
  149  15:23  Zealot  
  149  15:24  Zealot x2  
  149  15:25  Void Ray  
  149  15:28  Void Ray  
  149  15:34  Probe  
  107  15:43  Probe x2  
  107  15:46  Probe  
  104  15:50  Zealot  
  104  15:51  Zealot x2, Probe  
  104  15:56  Probe  
  112  15:59  Probe  
  112  16:01  Probe  
  114  16:07  Nexus, Probe  
  114  16:08  Probe  
  116  16:13  Probe  
  116  16:17  Zealot  
  116  16:18  Zealot x2  
  115  16:42  Immortal x2  
  115  16:43  Immortal  
  115  16:44  Zealot  
  115  16:45  Zealot x2  
  113  16:55  Pylon  
  112  17:11  Zealot  
  112  17:12  Zealot  
  112  17:13  Zealot  
  112  17:39  Zealot x2  
  112  17:40  Zealot  
  118  17:47  Immortal  
  118  17:50  Immortal  
  126  17:54  Void Ray  
  126  18:02  Void Ray  
  138  18:06  Zealot x2  
  138  18:08  Nexus  
  138  18:20  Immortal  
  138  18:26  Stalker  
  144  18:30  Pylon  
  144  18:35  Pylon  
  143  18:56  Photon Cannon  
  143  18:57  Photon Cannon  
  128  19:18  Probe x2  
  130  19:29  Photon Cannon  
  130  19:30  Photon Cannon  
  130  19:32  Photon Cannon, Probe  
  131  19:46  Probe x2  
  131  19:51  Probe  
  133  19:59  Probe  
  134  20:02  Probe  
  134  20:05  Probe  
  134  20:06  Probe  
  138  20:10  Shield Battery  
  138  20:11  Probe  
  138  20:19  Probe  
  139  20:21  Zealot  
  142  20:49  Probe  
  145  20:50  Oracle x2, Robotics Bay  
  145  20:51  Zealot x2  
  145  20:52  Probe x2, Zealot  
  145  20:53  Probe  
  158  20:59  Shield Battery, Probe  
  158  21:01  Pylon  
  159  21:24  Zealot  
  159  21:25  Zealot x2  
  165  21:29  Pylon  
  165  21:31  Photon Cannon  
  145  21:52  Zealot  
  145  21:53  Zealot x2  
  141  21:55  Colossus  
  141  21:59  Probe  
  141  22:00  Probe x2  
  138  22:18  Probe x2  
  138  22:19  Zealot  
  138  22:20  Probe  
  139  22:24  Photon Cannon  
  139  22:25  Shield Battery  
  139  22:32  Probe  
  140  22:40  Zealot x2  
  144  22:46  Zealot  
  134  23:00  Colossus  
  132  23:07  Immortal, Zealot  
  132  23:08  Zealot  
  144  23:14  Zealot  
  146  23:23  Observer  
  146  23:24  Gravitic Boosters  
  146  23:25  Probe  
  147  23:33  Probe  
  147  23:34  Zealot  
  150  23:35  Zealot  
  150  23:41  Zealot  
  155  23:46  Photon Cannon  
  155  24:01  Zealot  
  155  24:02  Zealot  
  165  24:08  Zealot  
Show
View Real Time Build Order
Export as new Build Order

PeLLy Zerg 

Build Orders: Hatch First, Ravager All-In 

Get SALT Encoding   

  12  0:01  Drone  
  13  0:13  Overlord  
  13  0:22  Drone  
  14  0:31  Drone  
  14  0:32  Drone  
  16  0:50  Hatchery  
  16  0:51  Drone  
  16  1:09  Drone x3  
  19  1:18  Extractor  
  18  1:22  Evolution Chamber  
  17  1:47  Extractor  
  17  1:51  Spawning Pool  
  15  2:03  Drone x3  
  18  2:11  Drone  
  19  2:18  Drone  
  20  2:25  Overlord x2  
  20  2:43  Roach Warren  
  19  2:45  Queen  
  21  2:52  Drone  
  21  2:56  Drone x2  
  24  3:02  Drone  
  25  3:05  Zerg Missile Weapons Level 1  
  25  3:25  Queen  
  27  3:31  Roach  
  27  3:33  Overlord x2  
  29  3:59  Roach  
  29  4:00  Roach x4  
  39  4:23  Overlord x2  
  39  4:37  Lair  
  39  4:39  Overlord  
  39  4:46  Spore Crawler  
  39  4:51  Roach  
  39  4:52  Ravager x2  
  43  4:53  Ravager x4  
  46  5:34  Hatchery  
  45  5:41  Drone x4  
  49  5:53  Hatchery  
  49  5:54  Glial Reconstitution  
  50  6:04  Roach x2  
  50  6:07  Nydus Network  
  50  6:11  Roach  
  41  6:41  Hydralisk Den  
  41  6:42  Drone  
  41  6:43  Drone x3  
  44  6:47  Spore Crawler  
  40  6:55  Queen  
  40  6:57  Spore Crawler  
  40  6:58  Spore Crawler  
  40  7:11  Hydralisk, Grooved Spines  
  40  7:12  Hydralisk  
  42  7:20  Drone x2  
  44  7:35  Queen  
  44  7:36  Spore Crawler  
  45  7:41  Hydralisk  
  47  7:55  Drone x4  
  47  7:56  Drone x2  
  53  8:01  Hydralisk  
  47  8:24  Spore Crawler  
  47  8:25  Spore Crawler  
  43  8:41  Hydralisk x6  
  43  8:47  Drone x2  
  56  8:48  Drone  
  56  9:02  Hydralisk x2  
  56  9:05  Drone x2  
  62  9:12  Nydus Canal  
  62  9:19  Hydralisk x2  
  54  9:39  Hydralisk x5  
  60  9:48  Drone x4  
  60  9:52  Extractor  
  63  10:09  Drone x3  
  63  10:11  Overlord x2  
  60  10:36  Zergling x18  
  60  10:41  Queen  
  60  10:42  Queen x2  
  67  10:48  Drone x3  
  70  10:55  Extractor  
  69  11:00  Metabolic Boost  
  69  11:17  Drone x6  
  75  11:22  Queen x2  
  76  11:36  Drone x6  
  82  11:41  Spore Crawler  
  81  11:56  Queen, Extractor  
  81  11:57  Extractor  
  81  11:58  Overlord x3  
  80  12:19  Queen x2  
  84  12:24  Muscular Augments  
  84  12:25  Zerg Missile Weapons Level 2  
  84  12:32  Drone x3  
  87  12:44  Roach  
  87  12:45  Roach x8  
  87  12:47  Overlord x3  
  105  13:35  Zergling x22  
  105  13:36  Zergling x18  
  125  13:45  Infestation Pit  
  124  13:51  Pneumatized Carapace  
  121  14:28  Hydralisk x4  
  129  14:31  Overlord x2  
  129  14:32  Overlord  
  125  15:02  Nydus Canal  
  125  15:12  Baneling Nest  
  121  15:29  Zergling x10, Hatchery  
  121  15:30  Zergling x48  
  128  15:41  Zergling x4  
  128  15:42  Zergling x12  
  91  15:59  Zergling x6  
  94  16:05  Nydus Canal  
  94  16:17  Baneling x7  
  94  16:18  Zergling x4  
  94  16:19  Zergling x10  
  101  16:39  Zergling x8  
  97  16:46  Extractor  
  90  16:48  Extractor  
  89  16:55  Drone x2  
  89  16:57  Queen  
  95  17:02  Hatchery  
  94  17:12  Hatchery  
  85  17:17  Hive  
  69  17:23  Zergling x22  
  66  17:42  Zergling x12  
  72  17:45  Centrifical Hooks  
  72  17:47  Overlord  
  72  17:56  Queen  
  72  17:57  Queen  
  76  18:05  Zergling x10  
  81  18:26  Zergling x20  
  91  18:31  Nydus Canal  
  91  18:38  Zergling x2  
  91  18:39  Zergling x14  
  68  19:32  Zergling x2  
  68  19:33  Zergling x40  
  68  19:38  Drone  
  90  19:49  Zergling x10  
  90  19:51  Baneling x6  
  90  19:52  Baneling x8  
  95  20:01  Zergling x8  
  95  20:06  Drone x3  
  100  20:38  Spore Crawler  
  99  20:47  Zergling x40  
  99  20:48  Zergling x4  
  121  20:57  Drone x5  
  121  21:04  Zerg Melee Weapons Level 1  
  126  21:06  Adrenal Glands  
  127  21:11  Drone x3  
  127  21:48  Drone  
  127  21:49  Drone x13  
  141  21:56  Hatchery  
  138  22:20  Zergling x12  
  138  22:22  Overlord x3  
  144  22:23  Overlord x2  
  144  22:29  Baneling x14  
  121  22:46  Zergling x18  
  121  22:47  Zergling x12  
  114  23:02  Zergling x8  
  103  23:10  Zergling x8  
  99  23:14  Lair  
  99  23:19  Zergling x6  
  102  23:27  Drone  
  102  23:28  Drone  
  102  23:31  Drone x3  
  107  23:53  Baneling  
  107  23:54  Baneling x18  
  107  23:57  Zergling x16  
  107  23:58  Zergling x8  
  119  24:06  Zergling x12  
  119  24:27  Zergling x10  
  119  24:28  Zergling x10  
Tags
 
Add a new tag
Caveats
  • Supply blocks, unpowered buildings, or Contaminate may cause inaccurate times.
  • Supply counts are checked every 10 seconds.